[Event "Schack-SM 2022: Sverigemastarklassen"]
[Site "Fyrishov, Idrottsgatan 2, Uppsala, Sweden"]
[Date "2022.07.03"]
[Round "2.5"]
[White "Westerberg, Jonathan"]
[Black "Hillarp, Tiger"]
[Result "1/2-1/2"]
[TimeControl "90 minutes for 40 moves + 30 minutes for the rest of the game + 30 seconds per move from move one."]
[WhiteTitle "GM"]
[BlackTitle "GM"]
[WhiteFideId "1701754"]
[BlackFideId "1700812"]
[WhiteElo "2476"]
[BlackElo "2516"]

1. Nc3 d5 2. d4 Nf6 3. Bf4 a6 4. e3 e6 5. a3 c5 6. Nf3 b5 7. Bd3 Bb7 8. O-O Nbd7 9. Ne5 Be7 10.
Qf3 O-O 11. Qh3 c4 12. Nxd7 Qxd7 13. Be2 a5 14. a4 b4 15. Nd1 Rfc8 16. f3 Bc6 17. b3 Bb7 18. Nf2 Ba6 19. Rfe1 Ne8 20.
Ng4 f6 21. Nf2 cxb3 22. cxb3 Bxe2 23. Rxe2 Rc3 24. Rb1 Nd6 25. Nd1 Rc6 26. e4 Nf7 27. Ne3 Rd8 28. exd5 exd5 29. Qxd7 Rxd7 30.
Nxd5 Bf8 31. Ne3 Rxd4 32. Bg3 g6 33. Nc4 Rd5 34. Kf1 Kg7 35. Ke1 Nd8 36. Rd1 Rxd1+ 37. Kxd1 Nb7 38. Bf2 Kf7 39.
Rd2 Ke6 40. Re2+ Kf7 41. Rd2 Ke6 42. Re2+ Ke5 1/2-1/2

[Event "Schack-SM 2022: Sverigemastarklassen"]
[Site "Fyrishov, Idrottsgatan 2, Uppsala, Sweden"]
[Date "2022.07.02"]
[Round "1.2"]
[White "Blomqvist, Erik"]
[Black "Seo, Jung Min"]
[Result "1/2-1/2"]
[TimeControl "90 minutes for 40 moves + 30 minutes for the rest of the game + 30 seconds per move from move one."]
[WhiteTitle "GM"]
[BlackTitle "IM"]
[WhiteFideId "1709437"]
[BlackFideId "1734687"]
[WhiteElo "2521"]
[BlackElo "2492"]

1. e4 e5 2. Nc3 Nc6 3. Bc4 Nf6 4. d3 Na5 5. Qf3 Nxc4 6. dxc4 Be7 7. Nge2 d6 8. h3 Be6 9. b3 O-O 10.
O-O c6 11. Rd1 Qa5 12. a4 Rad8 13. Bd2 Qc7 14. Be3 Qa5 15. Bg5 h6 16. Bd2 Qc7 17. Be3 Qa5 18. Bd2 Qc7 19. Be3 Qa5 20.
Bd2 Qc7 21. Be3 Qa5 1/2-1/2

[Event "Schack-SM 2022: Sverigemastarklassen"]
[Site "Fyrishov, Idrottsgatan 2, Uppsala, Sweden"]
[Date "2022.07.02"]
[Round "1.3"]
[White "Jogstad, Martin"]
[Black "Carlsson, Ludvig"]
[Result "1/2-1/2"]
[TimeControl "90 minutes for 40 moves + 30 minutes for the rest of the game + 30 seconds per move from move one."]
[WhiteTitle "FM"]
[BlackTitle "IM"]
[WhiteFideId "1715364"]
[BlackFideId "1727010"]
[WhiteElo "2384"]
[BlackElo "2399"]

1. d4 d5 2. c4 e6 3. Nc3 c5 4. cxd5 exd5 5. Nf3 Nc6 6. g3 Nf6 7. Bg2 cxd4 8. Nxd4 Bc5 9. Nb3 Bb6 10.
O-O d4 11. Na4 O-O 12. Bg5 Re8 13. Re1 h6 14. Bxf6 Qxf6 15. Nxb6 axb6 16. Bxc6 bxc6 17. Qxd4 Qd8 18. Qc3 c5 19.
Rad1 Qc7 20. a3 Bb7 21. Nd4 Qd7 22. Nc2 Qc6 23. f3 h5 24. e4 f5 25. Ne3 fxe4 26. Nf5 Qc7 27. Nxg7 Qxg7 28.
Qxg7+ Kxg7 29. Rd7+ Kg8 30. Rxb7 exf3 31. Rxe8+ Rxe8 32. Rxb6 Re2 33. a4 Rg2+ 34. Kf1 Rxh2 35. a5 h4 36.
gxh4 Rxh4 37. Rb5 Kf7 38. Kf2 Ke6 39. Kxf3 Kd5 40. Ke3 Ra4 41. b3 Ra1 42. Kd3 Kc6 43. Rb6+ Kc7 44. Ra6 Kb7 45.
Rb6+ Kc7 46. Kc4 Rxa5 47. Rh6 Kb7 48. Rh7+ Kb6 49. Rh8 Kb7 50. Rg8 Ra3 51. Rg3 Kb6 52. Rf3 Kc6 53. Rf5 Kb6 54.
Rg5 Ra5 55. Rd5 Ra3 56. Rd8 Ra5 57. Rb8+ Kc7 58. Rb5 Rxb5 59. Kxb5 Kd6 60. b4 cxb4 1/2-1/2

[Event "Schack-SM 2022: Sverigemastarklassen"]
[Site "Fyrishov, Idrottsgatan 2, Uppsala, Sweden"]
[Date "2022.07.02"]
[Round "1.4"]
[White "Hillarp, Tiger"]
[Black "Hector, Jonny"]
[Result "1/2-1/2"]
[TimeControl "90 minutes for 40 moves + 30 minutes for the rest of the game + 30 seconds per move from move one."]
[WhiteTitle "GM"]
[BlackTitle "GM"]
[WhiteFideId "1700812"]
[BlackFideId "1700090"]
[WhiteElo "2516"]
[BlackElo "2441"]

1. Nf3 d5 2. g3 Nc6 3. d4 Bf5 4. Bg2 Nb4 5. Na3 e6 6. c3 Nc6 7. Qb3 Bxa3 8. Qxa3 Be4 9. O-O Nge7 10.
Re1 O-O 11. Qb3 a5 12. a4 Re8 13. Bf1 h6 14. Bf4 Ra7 15. Nd2 Bh7 16. e4 g5 17. exd5 exd5 18. Be5 Qd7 19. Bg2 Raa8 20.
Bf6 Qd6 21. Bxe7 Nxe7 22. Re5 c6 23. Rae1 Qd7 24. Nf1 Kg7 25. h3 Bf5 26. Kh2 Be6 27. Qd1 Ng6 28. R5e3 f5 29. Nd2 f4 30.
R3e2 g4 31. hxg4 Bxg4 32. Rxe8 fxg3+ 33. fxg3 Rxe8 34. Bf3 Rxe1 35. Qxe1 Bxf3 36. Nxf3 Qf5 37. Qe2 Kf7 38. Kg2 Kf8 39. Ne1 Kg7 40. Nd3 h5 41. Qf3 Qg5 42.
Kf2 h4 43. gxh4 Qxh4+ 44. Ke2 b6 45. Kd2 Qh2+ 46. Kc1 Qd6 47. Kb1 c5 48. dxc5 bxc5 49. Qe3 d4 50. cxd4 cxd4 51. Qg5 Qc7 52.
Qd5 Qb6 53. Nc5 Qb4 54. Ne6+ Kf6 55. Nxd4 Qxa4 56. Qf5+ Ke7 57. Qe4+ Kf6 58. Qf5+ Ke7 59. Qe6+ Kd8 60. Qd5+ Ke7 61.
b3 Qe8 62. Qxa5 Qd7 63. Qc5+ Kf6 64. Kc2 Ne5 65. Qc3 Qh7+ 66. Kb2 Nd3+ 67. Kb1 Kg5 68. Qd2+ Kg4 69. Qg2+ Kf4 70. Qf3+ Ke5 71.
Nc2 Qe4 72. Qxe4+ 1/2-1/2

[Event "Schack-SM 2022: Sverigemastarklassen"]
[Site "Fyrishov, Idrottsgatan 2, Uppsala, Sweden"]
[Date "2022.07.02"]
[Round "1.5"]
[White "Smith, Axel"]
[Black "Johansson, Linus"]
[Result "1/2-1/2"]
[TimeControl "90 minutes for 40 moves + 30 minutes for the rest of the game + 30 seconds per move from move one."]
[WhiteTitle "GM"]
[BlackTitle "IM"]
[WhiteFideId "1707930"]
[BlackFideId "1711113"]
[WhiteElo "2417"]
[BlackElo "2468"]

1. c4 e6 2. Nc3 d5 3. d4 Nf6 4. cxd5 exd5 5. Bg5 c6 6. e3 Be7 7. Bd3 Nbd7 8. Qc2 Nh5 9. Bxe7 Qxe7 10.
Nge2 Nb6 11. O-O g6 12. Rab1 O-O 13. b4 a6 14. a4 Ng7 15. b5 axb5 16. axb5 c5 17. dxc5 Qxc5 18. Rfc1 Ne6 19.
Qd2 Qe7 20. Bc2 Rd8 21. Bb3 Nc5 22. Qd4 Bf5 23. Bc2 Bxc2 24. Rxc2 Qd6 25. Qb4 Ne6 26. Qxd6 Rxd6 27. Rd2 Rad8 28.
Rbd1 R6d7 29. g3 Kf8 30. Nf4 Nxf4 31. gxf4 Ke7 32. Kg2 Ke6 33. Ne2 Rc8 34. Nd4+ Ke7 35. h4 h5 36. Ra2 Nc4 37.
Nb3 Ke6 38. Nd4+ Kd6 39. Rc2 Rdc7 40. Kg3 f5 41. Kf3 Ke7 42. Rg1 Kf7 43. Ra1 Nd6 44. Rxc7+ Rxc7 45. b6 Rc4 46. Ra5 Rb4 47. Rxd5 Rxb6 48. Nb3 Ne4 49. Nd2 Nf6 50. Rd4 Rb2 51.
e4 fxe4+ 52. Nxe4 Rb3+ 53. Kg2 Nxe4 54. Rxe4 Kf6 55. Re5 b5 56. f3 Rb1 57. Kg3 b4 58. Rb5 b3 59. f5 gxf5 60. Kf4 Ke6 61. Rxf5 b2 62.
Rb5 Kf6 63. Rb6+ Kf7 64. Kf5 Rf1 65. Rb7+ Kf8 66. Rxb2 Rxf3+ 67. Kg6 Rg3+ 68. Kxh5 Kg7 69. Rb7+ Kh8 70. Kh6 Rg1 71. Rb5 Rg7 72.
Rb8+ Rg8 73. Rb7 Ra8 74. Rh7+ Kg8 75. Rg7+ Kh8 76. h5 Ra6+ 77. Rg6 Ra7 78. Rf6 Rh7+ 79. Kg5 Rg7+ 80. Rg6 Rxg6+ 81. hxg6 Kg7 82. Kf5 Kg8 83. Kf6 Kf8 84. g7+ Kg8 85. Kg6 1/2-1/2

[ePGN "0.1;DGT LiveChess/2.2.5"]

[Event "Schack-SM 2022: Sverigemastarklassen"]
[Site "Fyrishov, Idrottsgatan 2, Uppsala, Sweden"]
[Date "2022.07.02"]
[Round "1.1"]
[White "Westerberg, Jonathan"]
[Black "Cramling, Pia"]
[Result "1/2-1/2"]
[TimeControl "90 minutes for 40 moves + 30 minutes for the rest of the game + 30 seconds per move from move one."]
[WhiteTitle "GM"]
[BlackTitle "GM"]
[WhiteFideId "1701754"]
[BlackFideId "1700030"]
[WhiteElo "2476"]
[BlackElo "2459"]

1. c4 c5 2. Nc3 g6 3. g4 d6 4. Bg2 Nc6 5. g5 h6 6. h4 hxg5 7. hxg5 Rxh1 8. Bxh1 Bg7 9. d3 Qd7 10.
e4 b6 11. Be3 Bb7 12. Qd2 O-O-O 13. O-O-O e6 14. Nge2 Nge7 15. d4 cxd4 16. Nxd4 Nxd4 17. Bxd4 Bxd4 18. Qxd4 e5 19. Qe3 Kb8 20.
Bg2 Rh8 21. Qg3 Qe6 22. b3 Nc6 23. Nb5 Rd8 24. f4 exf4 25. Qxf4 Ne5 26. Qf6 Qxf6 27. gxf6 Bc6 28. Nd4 Bd7 29.
Rh1 Rf8 30. Nf3 Ng4 31. Ng5 Nxf6 32. Rf1 Ng4 33. Rxf7 Rxf7 34. Nxf7 Kc7 35. Kd2 Ne5 36. Ng5 a5 37. Kc3 b5 38.
cxb5 Bxb5 39. Bh3 Be2 40. Ne6+ Kb6 41. Ng5 Kc5 42.
a3 Ba6 43. b4+ axb4+ 44. axb4+ 1/2-1/2